 Dungeon Crawl Stone Soup version 0.31.0-12-g77e489cdc1 (webtiles) character file.

Game seed: 10005384610207715797

26853 Silvore the Severer (level 13, 0/114 HPs)
             Began as a Minotaur Fighter on Feb 19, 2024.
             Was the Champion of Okawaru.
             Slain by a slime creature (2 damage)
             ... while petrified by a basilisk
             ... on level 14 of the Dungeon.
             The game lasted 00:25:35 (12901 turns).

Silvore the Severer (Minotaur Fighter)             Turns: 12901, Time: 00:25:35

Health: 0/114      AC: 19    Str: 29    XL:     13   Next: 1%
Magic:  12/12      EV:  2    Int:  5    God:    Okawaru [******]
Gold:   1080       SH:  0    Dex: 19    Spells: 12/12 levels left

rFire   + . .        N - +6 war axe "Sucecs" {flame, rPois rF- Str+3}
rCold   . . .        f - +3 tower shield
rNeg    + + +        J - +1 plate armour {rF+}
rPois   ∞            (helmet restricted)
rElec   .            r - +0 cloak
rCorr   .            O - +0 pair of fencer's gloves {Riposte Dex+3}
SInv    .            M - +0 pair of boots
Will    .....        n - amulet of faith Stlth
                     p - ring of Jaweycw {rF+ EV+5}
HPRegen 0.39/turn    v - +6 ring of dexterity
MPRegen 0.13/turn

%: faith
@: confused, petrified
A: horns 2, retaliatory headbutt
a: Renounce Religion, Heroism, Finesse, Duel


You were on level 14 of the Dungeon.
You worshipped Okawaru.
Okawaru was exalted by your worship.
You visited 2 branches of the dungeon, and saw 15 of its levels.
You also visited: Ossuary.

You collected 1080 gold pieces.

Inventory:

Hand Weapons
 a - a +1 war axe of flaming
 B - a +2 broad axe of flaming
 N - the +6 war axe "Sucecs" (weapon) {flame, rPois rF- Str+3}
   (Okawaru gifted it to you on level 12 of the Dungeon)

   Str+3:     It affects your strength (+3).
   rF-:       It makes you vulnerable to fire.
   rPois:     It protects you from poison
Missiles
 A - 3 throwing nets (quivered)
Armour
 b - a +0 scale mail
 c - a +0 buckler
 f - a +3 tower shield (worn)
 l - a +0 chain mail
 r - a +0 cloak (worn)
 y - +0 acid dragon scales
 F - a +2 pair of gloves
 J - a +1 plate armour of fire resistance (worn)
 M - a +0 pair of boots (worn)
 O - the +0 pair of fencer's gloves (worn) {Riposte Dex+3}
   (Okawaru gifted it to you on level 12 of the Dungeon)

   Riposte:   It allows the wearer to riposte with melee weapons, swiftly
   retaliating against missed or blocked melee attacks.
   Dex+3:     It affects your dexterity (+3).
Jewellery
 n - an amulet of faith (around neck)
 p - the ring of Jaweycw (left hand) {rF+ EV+5}
   (You found it on level 3 of the Dungeon)

   [ring of evasion]

   EV+5:      It affects your evasion (+5).
   rF+:       It protects you from fire.
 v - a +6 ring of dexterity (right hand)
 E - a ring of ice
 K - a ring of magical power
 P - a ring of positive energy
Wands
 i - a wand of mindburst (14)
 u - a wand of digging (1)
 w - a wand of iceblast (24)
 D - a wand of flame (8)
 T - a wand of polymorph (4)
Scrolls
 d - 5 scrolls of poison
 h - 2 scrolls of teleportation
 q - a scroll of brand weapon
 s - 7 scrolls of noise
 C - a scroll of immolation
 G - 2 scrolls of revelation
 R - a scroll of enchant armour
 S - a scroll of vulnerability {unknown}
 U - a scroll of fear
Potions
 e - 3 potions of curing
 g - 2 potions of lignification
 j - a potion of attraction
 k - 6 potions of brilliance
 m - 4 potions of berserk rage
 o - 4 potions of degeneration
 t - 2 potions of invisibility
 x - 3 potions of mutation
 z - a potion of resistance
 H - a potion of ambrosia
 I - a potion of haste
 L - a potion of enlightenment
 Q - a potion of heal wounds


   Skills:
 + Level 10.4 Fighting
 + Level 16.8 Axes
 + Level 9.8 Armour
 + Level 4.7 Dodging
 + Level 1.2 Stealth
 + Level 14.8 Shields
 + Level 0.1 Invocations


You had 12 spell levels left.
You didn't know any spells.
Your spell library contained the following spells:

 Spells                   Type           Power      Damage    Failure   Level
 Necrotise                Necr           0%         1d4       100%        1
 Blink                    Tloc           0%         N/A       100%        2
 Cigotuvi's Dreadful Rot  Necr/Alch/Air  0%         N/A       100%        2
 Lesser Beckoning         Tloc           0%         N/A       100%        2
 Momentum Strike          Conj/Tloc      0%         3d8       100%        2
 Gell's Gravitas          Tloc           0%         N/A       100%        3
 Ozocubu's Armour         Ice            0%         N/A       100%        3
 Teleport Other           Tloc           0%         N/A       100%        3
 Vampiric Draining        Necr           0%         2d6       100%        3
 Ignite Poison            Fire/Alch      0%         N/A       100%        4
 Curse of Agony           Necr           0%         N/A       100%        5
 Freezing Cloud           Conj/Ice/Air   0%         6-21      100%        5
 Lee's Rapid Deconstruct  Erth           0%         3d4*      100%        5
 Metabolic Englaciation   Hex/Ice        0%         N/A       100%        5
 Dispersal                Tloc           0%         N/A       100%        6
 Animate Armour           Summ/Erth      Unusable   N/A       N/A         4
 Martyr's Knell           Necr/Summ      Unusable   N/A       N/A         4
 Summon Lightning Spire   Summ/Air       Unusable   N/A       N/A         4
 Sculpt Simulacrum        Ice/Alch       Unusable   N/A       N/A         6

Dungeon Overview and Level Annotations

Branches:
Dungeon (14/15)            Temple (1/1) D:4            Lair (0/5) D:8
    Orc (0/2) D:9         Ossuary (visited)
 Vaults: D:13-14

Altars:
Ashenzari
Cheibriados
Dithmenos
Elyvilon
Fedhas
Gozag
Hepliaklqana
Kikubaaqudgha
Makhleb
Nemelex Xobeh
Okawaru
Qazlal
Ru
Sif Muna
Trog
Uskayaw
Vehumet
Wu Jian
Xom
Yredelemnul
Zin
The Shining One

Shops:
D:5 [   D:12 ?   D:13 :

Annotations:
D:6 3 runed translucent doors, spaghetti's ghost, novice NaHu
D:7 exclusion: statue
D:10 3 runed translucent doors
D:14 1 transporter


Innate Abilities, Weirdness & Mutations

You have a pair of horns on your head.
You reflexively headbutt those who attack you in melee.


Message History

The slime creature hits you but does no damage.
The slime creature hits you but does no damage.
The slime creature hits you!
* * * LOW HITPOINT WARNING * * *
The basilisk bites you but does no damage.
The slime creature hits you but does no damage.
The slime creature hits you!
* * * LOW HITPOINT WARNING * * *
The boulder beetle stops rolling and uncurls.
The slime creature hits you!
* * * LOW HITPOINT WARNING * * *
The basilisk bites you but does no damage.
The slime creature barely misses you. The slime creature hits you.
* * * LOW HITPOINT WARNING * * *
The boulder beetle leaps!
The slime creature completely misses you.
The basilisk bites you!
* * * LOW HITPOINT WARNING * * *
The slime creature hits you!
* * * LOW HITPOINT WARNING * * *
The slime creature hits you.
* * * LOW HITPOINT WARNING * * *
The slime creature hits you but does no damage.
The basilisk gazes at you. The slime creature hits you.
* * * LOW HITPOINT WARNING * * *
The slime creature hits you but does no damage.
The boulder beetle curls into a ball and begins rolling!
The slime creature hits you but does no damage.
The basilisk bites you but does no damage.
The slime creature hits you but does no damage.
The slime creature jiggles.
The slime creature completely misses you.
The slime creature hits you but does no damage.
The basilisk gazes at you.
You easily resist.
The slime creature hits you but does no damage.
The slime creature hits you.
You die...

.....##..#
######'###
..#... ..#
####.# .##
.. ..#
###....# ..
. ..#
#...####
... ..#
#)### ..#
#.# #.#
#####l##
#....J@#
#....JJ#
#.....B# #
........○#
# (
....>...°.#
# p?
#.##......#
###
#^#########
... #.# #
######.#


You could see a boulder beetle (rolling), 3 slime creatures and a basilisk
shaped shifter.

Vanquished Creatures
  An ironbound thunderhulk (D:14)
  A vault guard (D:14)
  A hydra (D:13)
  6 two-headed ogres
  A centaur warrior (D:13)
  2 tengu warriors
  2 deep elf pyromancers
  A cyclops (D:13)
  8 ugly things
  5 manticores
  2 gargoyles
  2 unseen horrors (D:11)
  A kobold demonologist (D:12)
  A tengu conjurer (D:13)
  A komodo dragon (D:11)
  A freezing wraith (D:14)
  3 trolls
  A raiju (shapeshifter) (D:11)
  8 slime creatures
  5 wyverns
  2 basilisks
  6 wraiths
  A steam dragon (D:7)
  2 vampire mosquitoes (D:13)
  4 acid dragons
  3 water moccasins (D:7)
  8 orc warriors
  2 black bears (D:6)
  An ice beast (D:7)
  4 sky beasts (D:7)
  An ogre (D:12)
  8 centaurs
  4 kobold brigands
  3 bullfrogs
  2 elf zombies (Ossuary)
  A necrophage (D:5)
  A gnoll sergeant (D:9)
  A scorpion (D:6)
  12 wights
  13 killer bees
  4 electric eels
  6 howler monkeys
  2 centaur zombies (Ossuary)
  3 human zombies (Ossuary)
  5 jellies
  9 orc priests
  Crazy Yiuf (D:3)
  2 gnoll boudas (D:7)
  5 sleepcaps
  6 iguanas
  12 orc wizards
  Terence (D:3)
  5 hound zombies (Ossuary)
  A hound skeleton (D:5)
  3 mummies
  3 adders
  13 gnolls
  6 adder zombies (Ossuary)
  3 dart slugs
  2 ribbon worms
  43 orcs
  7 endoplasms
  A giant cockroach (D:3)
  5 gnoll zombies (Ossuary)
  5 goblins
  13 hobgoblins
  4 jackals (D:1)
  25 kobolds
  4 quokkas
  8 ball pythons
  7 bats
  3 jackal zombies (Ossuary)
  4 kobold zombies
  9 orc zombies
  4 rats
366 creatures vanquished.

Notes
Turn   | Place    | Note
-------+----------+-------------------------------------------
     0 | D:1      | Silvore the Minotaur Fighter began the quest for the Orb.
     0 | D:1      | Reached XP level 1. HP: 19/19 MP: 0/0
   167 | D:1      | Reached XP level 2. HP: 20/27 MP: 1/1
   304 | D:1      | Reached skill level 3 in Axes
   304 | D:1      | Reached XP level 3. HP: 33/33 MP: 2/2
  1251 | D:3      | Reached XP level 4. HP: 39/40 MP: 3/3
  1387 | D:3      | Reached skill level 4 in Axes
  1398 | D:3      | Identified the ring of Jaweycw {rF+ EV+5}
  1557 | D:3      | Noticed Terence
  1565 | D:3      | Killed Terence
  1572 | D:3      | Found a runed translucent door.
  1573 | D:3      | Noticed Crazy Yiuf
  1650 | D:3      | Killed Crazy Yiuf
  1651 | D:3      | Reached XP level 5. HP: 32/47 MP: 4/4
  1823 | D:4      | Found a sand-covered staircase.
  1831 | Ossuary  | Entered an ossuary
  1885 | Ossuary  | Reached skill level 5 in Axes
  1952 | Ossuary  | Reached skill level 5 in Fighting
  1952 | Ossuary  | Reached XP level 6. HP: 56/56 MP: 5/5
  1964 | Ossuary  | Reached skill level 5 in Shields
  1975 | Ossuary  | Reached skill level 6 in Axes
  2075 | Ossuary  | Reached XP level 7. HP: 61/61 MP: 6/6
  2287 | D:4      | Found a staircase to the Ecumenical Temple.
  2308 | D:4      | Reached skill level 7 in Axes
  2320 | Temple   | Entered the Ecumenical Temple
  2329 | Temple   | Became a worshipper of Warmaster Okawaru
  2392 | D:4      | Reached skill level 1 in Dodging
  2680 | D:5      | Entered Level 5 of the Dungeon
  2683 | D:5      | Found Erufo's Antique Armour Shoppe.
  2764 | D:5      | Found a glowing silver altar of Zin.
  2832 | D:5      | Found an opulent altar of Gozag.
  3183 | D:5      | Found a burning altar of Makhleb.
  3343 | D:6      | Reached * piety under Okawaru
  3380 | D:6      | Reached skill level 8 in Axes
  3380 | D:6      | Reached skill level 5 in Armour
  3380 | D:6      | Reached XP level 8. HP: 70/70 MP: 7/7
  3455 | D:6      | Found a runed translucent gate.
  3455 | D:6      | Found a runed translucent gate.
  3455 | D:6      | Noticed spaghetti's ghost (novice NaHu)
  3461 | D:6      | Found a runed translucent gate.
  3463 | D:6      | Noticed a kobold demonologist
  3664 | D:6      | Identified the +8 sling "Weusch" {flame, rPois MP-9 Dex+4}
  3740 | D:6      | Found an ornate altar of the Wu Jian Council.
  3831 | D:6      | Found a shimmering altar of Xom.
  3903 | D:6      | Reached ** piety under Okawaru
  4023 | D:6      | Reached skill level 9 in Axes
  4571 | D:7      | Reached *** piety under Okawaru
  4572 | D:7      | Reached XP level 9. HP: 55/78 MP: 8/8
  4667 | D:7      | Reached skill level 10 in Axes
  4814 | D:7      | Found a radiant altar of Vehumet.
  5009 | D:7      | Reached **** piety under Okawaru
  5132 | D:7      | Reached skill level 11 in Axes
  5179 | D:7      | Noticed a two-headed ogre
  5179 | D:7      | Noticed a two-headed ogre
  5196 | D:7      | Killed a two-headed ogre
  5197 | D:7      | Reached skill level 10 in Shields
  5197 | D:7      | Reached XP level 10. HP: 48/86 MP: 9/9
  5209 | D:7      | Killed a two-headed ogre
  5209 | D:7      | Reached ***** piety under Okawaru
  5268 | D:7      | Noticed a two-headed ogre
  5444 | D:7      | Killed a two-headed ogre
  5445 | D:7      | Reached skill level 12 in Axes
  6205 | D:8      | Found a broken altar of Ashenzari.
  6241 | D:8      | Received a gift from Okawaru
  6944 | D:8      | Found a staircase to the Lair.
  7520 | D:9      | Noticed a two-headed ogre
  7529 | D:9      | Killed a two-headed ogre
  7530 | D:9      | Reached skill level 13 in Axes
  7530 | D:9      | Reached skill level 1 in Stealth
  7530 | D:9      | Reached XP level 11. HP: 68/94 MP: 10/10
  7833 | D:9      | Found a staircase to the Orcish Mines.
  7860 | D:9      | Received a gift from Okawaru
  8736 | D:9      | Identified a scroll of acquirement
  8736 | D:9      | Acquired a +2 broad axe of flaming
  8964 | D:10     | Entered Level 10 of the Dungeon
  8994 | D:10     | Found a runed translucent gate.
  8994 | D:10     | Found a runed translucent gate.
  8994 | D:10     | Found a runed translucent gate.
  9017 | D:10     | Found an ancient bone altar of Kikubaaqudgha.
  9118 | D:10     | Found a sparkling altar of Nemelex Xobeh.
  9417 | D:10     | Noticed a two-headed ogre
  9433 | D:10     | Killed a two-headed ogre
  9480 | D:10     | Found a blossoming altar of Fedhas.
 10642 | D:12     | Received a gift from Okawaru
 10643 | D:12     | Reached skill level 14 in Axes
 10849 | D:12     | Noticed a red ugly thing
 10870 | D:12     | Killed a red ugly thing
 10959 | D:12     | Noticed a two-headed ogre
 10966 | D:12     | Killed a two-headed ogre
 11209 | D:12     | Reached ****** piety under Okawaru
 11215 | D:12     | Received a gift from Okawaru
 11312 | D:12     | Acquired the +6 war axe "Sucecs" {flame, rPois rF- Str+3}
 11312 | D:12     | Received a gift from Okawaru
 11314 | D:12     | Acquired the +0 pair of fencer's gloves {Riposte Dex+3}
 11314 | D:12     | Received a gift from Okawaru
 11314 | D:12     | Found the +0 pair of fencer's gloves {Riposte Dex+3}
 11422 | D:12     | Found Abluyl's Magic Scroll Shoppe.
 11575 | D:13     | Noticed a tengu warrior
 11693 | D:12     | Reached skill level 15 in Axes
 11693 | D:12     | Reached XP level 12. HP: 88/104 MP: 11/11
 11739 | D:13     | Killed a tengu warrior
 12062 | D:13     | Noticed a four-headed hydra
 12063 | D:13     | Found Myenlyit's Book Boutique.
 12070 | D:13     | Killed a one-headed hydra
 12152 | D:13     | Noticed a centaur warrior
 12163 | D:13     | Killed a centaur warrior
 12241 | D:14     | Received a gift from Okawaru
 12244 | D:14     | Reached skill level 16 in Axes
 12291 | D:14     | Noticed a boulder beetle
 12291 | D:14     | Noticed a fire giant
 12291 | D:14     | Noticed a centaur warrior
 12292 | D:14     | Noticed a tengu reaver
 12353 | D:14     | Noticed a centaur warrior
 12355 | D:14     | Reached skill level 10 in Fighting
 12397 | D:14     | Found a transporter.
 12580 | D:14     | Found a snail-covered altar of Cheibriados.
 12689 | D:14     | Noticed a tengu warrior
 12691 | D:14     | Noticed a vault guard
 12697 | D:14     | Killed a tengu warrior
 12703 | D:14     | Killed a vault guard
 12703 | D:14     | Noticed an ironbound thunderhulk
 12717 | D:14     | Killed an ironbound thunderhulk
 12809 | D:14     | Received a gift from Okawaru
 12810 | D:14     | Reached XP level 13. HP: 99/114 MP: 12/12
 12897 | D:14     | HP: 3/114 [slime creature (3)]
 12898 | D:14     | HP: 1/114 [slime creature (2)]
 12901 | D:14     | Slain by a slime creature

Illustrated notes

Levels and vault maps discovered:
D:1:      eino_arrival_cavern_e, layout_loops_ring, item_on_display_a
D:2:      layout_rooms, kennysheep_generic_room_10
D:3:      layout_rooms, uniq_crazy_yiuf_cottage, uniq_terence
D:4:      layout_basic, minmay_temple_entry_trees, nicolae_ossuary_entry_giza
D:5:      layout_basic, pdpol_temple_overflow_zin_treasury_gozag_greed,
          makhleb_blood_cavern_becter, serial_shops, nicolae_lakefront_shop
D:6:      layout_loops_corners, mainiacjoe_overflow_small_starburst,
          nzn_wu_jian_contemplation, gammafunk_ghost_nasty_kobolds
D:7:      regret_index_malice_mire, layout_basic, vehumet_statue, minivault_14
D:8:      layout_basic, cheibrodos_ashenzari_chains, lair_entry_dummy,
          serial_bayou_ford_a, minivault_23, minivault_21
D:9:      layout_long_grid, orc_0_dummy, serial_bayou_pond_d
D:10:     lemuel_bear_cage, layout_cave_pools, overflow_temple_1_default,
          fedhas_altar_fruit_tree, nemelex_xobeh_ov_fountains_minmay
D:11:     layout_loops_ring
D:12:     layout_long_grid, serial_shops, shop, special_room [special_room_orc]
D:13:     layout_cave_pools, serial_shops, shop
D:14:     gammafunk_the_bubble [the_bubble_gammafunk_plus_minus], layout_basic,
          hellmonk_vaults_keyhole, chequers_hall_statues_wall_a, slow_altar_2
Temple:   hellmonk_temple_flake

Skill      XL: |  1  2  3  4  5  6  7  8  9 10 11 12 |
---------------+-------------------------------------+-----
Fighting       | 4 5 6 7 9 10 | 10.4
Axes           | 3 4 5 6 8 9 11 13 15 16 | 16.8
Armour         | 4 5 6 8 9 |  9.8
Shields        | 4 5 6 7 10 11 13 14 | 14.8
Dodging        | 1 2 3 4 |  4.7
Stealth        | 1 |  1.2
Invocations    | |  0.1

Action                     |  1- 3 |  4- 6 |  7- 9 | 10-12 | 13-15 || total
---------------------------+-------+-------+-------+-------+-------++-------
  Melee: War axe           |    88 |   132 |   245 |   279 |     9 ||   753
         Headbutt          |    11 |    26 |    55 |   107 |     2 ||   201
         Broad axe         |       |       |       |   174 |       ||   174
 Invoke: Heroism           |       |       |       |     2 |       ||     2
         Receive Weapon    |       |       |       |     1 |       ||     1
         Receive Armour    |       |       |       |     1 |       ||     1
    Use: Scroll            |     8 |     1 |     8 |    10 |       ||    27
         Potion            |       |       |     1 |     1 |       ||     2
 Armour: Scale mail        |    15 |       |       |       |       ||    15
         Chain mail        |    49 |    71 |   119 |   169 |       ||   408
         Plate armour      |       |       |       |    33 |    45 ||    78
  Dodge: Dodged            |    34 |    37 |    72 |   122 |    14 ||   279
  Block: Buckler           |    22 |     3 |       |       |       ||    25
         Tower shield      |       |   138 |   226 |   519 |       ||   883
Riposte: War axe           |       |       |       |    37 |       ||    37
